3AA
MARQUETTE MINERS @ BARTON SPRINGS BLUES
08/31/2041
 
TOP OF THE 1ST
Marquette Miners batting - Pitching for Barton Springs Blues : LHP Jaime Chávez
Pitching: LHP Jaime Chávez
Batting: LHB Leslie Small 0-0: Ball
1-0: Ball
2-0: Called Strike
2-1: Ball
3-1: Base on Balls
Batting: RHB Martin Payton 0-0: Called Strike
Leslie Small steals 2nd base
0-1: Swinging Strike
0-2: Ball
1-2: Ball
2-2: Strikes out swinging
Batting: RHB Jesús Méndez 0-0: Ball
1-0: Ground out 6-3 (Groundball, 6, EV 91.9 MPH)
Leslie Small to third
Batting: LHB Steve Chittick 0-0: Ball
1-0: Ball
2-0: Foul Ball, location: 2F
2-1: Swinging Strike
2-2: Strikes out swinging
Top of the 1st over - 0 runs, 0 hits, 0 errors, 1 left on base; Marquette 0 - Barton Springs 0
BOTTOM OF THE 1ST
Barton Springs Blues batting - Pitching for Marquette Miners : RHP Greg Borges
Pitching: RHP Greg Borges
Batting: RHB Donald Martin 0-0: Ground out 1-3 (Groundball, 13, EV 67.5 MPH)
Batting: RHB Shawn Mullins 0-0: Ball
1-0: Ball
2-0: Called Strike
2-1: Foul Ball, location: 2F
2-2: Foul Ball, location: 2F
2-2: Ground out 5-3 (Groundball, 56, EV 88.8 MPH)
Batting: LHB Jon Kelly 0-0: Called Strike
0-1: Foul Ball, location: 2F
0-2: Foul Ball, location: 2F
0-2: Ball
1-2: Foul Ball, location: 2F
1-2: Ball
2-2: Ball
3-2: SINGLE (Groundball, 34D, EV 99.4 MPH)
Batting: LHB Jonathan Winston 0-0: Ball
1-0: Foul Ball, location: 2F
1-1: Ball
2-1: Ball
3-1: SINGLE (Line Drive, 7LS, EV 108.8 MPH)
Jon Kelly to second
Batting: LHB Ben Chell 0-0: Ball
1-0: Swinging Strike
1-1: TRIPLE (Flyball, 89XD, EV 100.0 MPH)
Jon Kelly scores
Jonathan Winston scores
Batting: RHB Rutland Stones 0-0: Ball
1-0: Foul Ball, location: 2F
1-1: Ball
2-1: Foul Ball, location: 2F
2-2: Ball
3-2: Foul Ball, location: 2F
3-2: Base on Balls
Batting: RHB Rick Pawlowicz Pickoff Throw to First - Error! E1
Ben Chell scores
Rutland Stones to second
0-0: Ball
1-0: Ball
2-0: Fly out, F7 (Flyball, 7S, EV 78.8 MPH)
Bottom of the 1st over - 3 runs, 3 hits, 1 error, 1 left on base; Marquette 0 - Barton Springs 3
TOP OF THE 2ND
Marquette Miners batting - Pitching for Barton Springs Blues : LHP Jaime Chávez
Batting: RHB Kiril Neuvel 0-0: Ball
1-0: Ball
2-0: Ball
3-0: Base on Balls
Batting: LHB Wyatt Quick 0-0: Called Strike
0-1: Ball
1-1: Ball
2-1: SINGLE (Line Drive, 89S, EV 94.4 MPH)
Kiril Neuvel to second
Runner from 2nd tries for 3rd, SAFE, no throw by RF
Batting: RHB Kent Potter 0-0: Called Strike
0-1: Ball
1-1: Swinging Strike
1-2: Strikes out swinging
Batting: RHB Tom Hendrickson 0-0: Foul Ball, location: 2F
0-1: Swinging Strike
0-2: Ball
1-2: Foul Ball, location: 2F
1-2: Fly out, F8 (Line Drive, 8RD, EV 88.1 MPH)
Runner from 3rd tags up, SCORES, throw by CF
Batting: SHB Carl Saunders 0-0: Called Strike
0-1: Swinging Strike
0-2: Strikes out swinging
Top of the 2nd over - 1 run, 1 hit, 0 errors, 1 left on base; Marquette 1 - Barton Springs 3
BOTTOM OF THE 2ND
Barton Springs Blues batting - Pitching for Marquette Miners : RHP Greg Borges
Batting: RHB Felipe Gonzáles 0-0: Ball
1-0: Fly out, F8 (Flyball, 89M, EV 91.9 MPH)
Batting: RHB Mike O'Neill 0-0: Ball
1-0: Called Strike
1-1: Fly out, F8 (Line Drive, 8RD, EV 92.5 MPH)
Batting: RHB Donald Martin 0-0: Ball
1-0: SINGLE (Groundball, 6MD, EV 108.8 MPH)
Batting: RHB Shawn Mullins 0-0: Fly out, F8 (Flyball, 89M, EV 85.6 MPH)
Bottom of the 2nd over - 0 runs, 1 hit, 0 errors, 1 left on base; Marquette 1 - Barton Springs 3
TOP OF THE 3RD
Marquette Miners batting - Pitching for Barton Springs Blues : LHP Jaime Chávez
Batting: LHB Leslie Small 0-0: Called Strike
0-1: Called Strike
0-2: SOLO HOME RUN (Flyball, 9D, EV 96.9 MPH), Distance : 371 ft
Batting: RHB Martin Payton 0-0: Called Strike
0-1: Ball
1-1: Foul Ball, location: 2F
1-2: Hit by Pitch, AND HE CHARGES THE MOUND! The benches clear!
Pitching: LHP Laurens Bancroft
Pinch Runner at 1st Bob Blough:
Batting: RHB Jesús Méndez 0-0: Called Strike
0-1: Foul Ball, location: 2F
0-2: Ball
1-2: Strikes out swinging
Batting: LHB Steve Chittick 0-0: Ball
1-0: Ball
2-0: Foul Ball, location: 2F
2-1: Ball
3-1: Called Strike
3-2: Ground out 4-3 (Groundball, 4, EV 101.9 MPH)
Bob Blough to second
Batting: RHB Kiril Neuvel 0-0: Fly out, F8 (Flyball, 8RM, EV 90.6 MPH)
Top of the 3rd over - 1 run, 1 hit, 0 errors, 1 left on base; Marquette 2 - Barton Springs 3
BOTTOM OF THE 3RD
Barton Springs Blues batting - Pitching for Marquette Miners : RHP Greg Borges
Now at 3B: Bob Blough
Batting: LHB Jon Kelly 0-0: Ball
1-0: Swinging Strike
1-1: Ball
2-1: Ball
3-1: Foul Ball, location: 2F
3-2: Foul Ball, location: 2F
3-2: SINGLE (Groundball, 4S, EV 70.0 MPH) (infield hit)
Batting: LHB Jonathan Winston 0-0: Ball
1-0: Ball
2-0: Foul Ball, location: 2F
2-1: Ball
3-1: Fly out, F3 (Popup, 3L, EV 79.4 MPH)
Batting: LHB Ben Chell 0-0: Called Strike
0-1: Ball
1-1: Swinging Strike
1-2: Ball
2-2: Strikes out looking
Batting: RHB Rutland Stones 0-0: Called Strike
0-1: Swinging Strike
0-2: Fly out, F6 (Flyball, 4MD, EV 76.9 MPH)
Bottom of the 3rd over - 0 runs, 1 hit, 0 errors, 1 left on base; Marquette 2 - Barton Springs 3
TOP OF THE 4TH
Marquette Miners batting - Pitching for Barton Springs Blues : LHP Laurens Bancroft
Batting: LHB Wyatt Quick 0-0: Called Strike
0-1: Foul Ball, location: 2F
0-2: Strikes out swinging
Batting: RHB Kent Potter 0-0: Ball
1-0: Ball
2-0: Ball
3-0: Foul Ball, location: 2F
3-1: Swinging Strike
3-2: Foul Ball, location: 2F
3-2: Foul Ball, location: 2F
3-2: DOUBLE (Line Drive, 7LM, EV 108.1 MPH)
Batting: RHB Tom Hendrickson 0-0: Ball
1-0: Ball
2-0: DOUBLE (Line Drive, 3D, EV 93.8 MPH)
Kent Potter scores
Batting: SHB Carl Saunders 0-0: Ball
1-0: Called Strike
1-1: Foul Ball, location: 2F
1-2: Foul Ball, location: 2F
1-2: Strikes out swinging
Batting: LHB Leslie Small 0-0: Foul Ball, location: 2F
0-1: Swinging Strike
0-2: Foul Ball, location: 2F
0-2: Ball
1-2: Foul Ball, location: 2F
1-2: Ball
2-2: Ball
3-2: Strikes out swinging
Top of the 4th over - 1 run, 2 hits, 0 errors, 1 left on base; Marquette 3 - Barton Springs 3
BOTTOM OF THE 4TH
Barton Springs Blues batting - Pitching for Marquette Miners : RHP Greg Borges
Batting: RHB Rick Pawlowicz 0-0: Ball
1-0: Foul Ball, location: 2F
1-1: Fly out, F8 (Flyball, 8RS, EV 96.2 MPH)
Batting: RHB Felipe Gonzáles 0-0: Ball
1-0: Ball
2-0: Foul Ball, location: 2F
2-1: Ball
3-1: Base on Balls
Batting: RHB Mike O'Neill 0-0: Called Strike
0-1: Ball
1-1: Called Strike
1-2: Foul Ball, location: 2F
1-2: Ball
2-2: Ball
3-2: Base on Balls
Felipe Gonzáles to second
Batting: RHB Donald Martin 0-0: Ground out 6-3 (Groundball, 4MS, EV 75.6 MPH)
Felipe Gonzáles to third
Mike O'Neill to second
Batting: RHB Shawn Mullins 0-0: Called Strike
0-1: Ball
1-1: Fly out, F8 (Flyball, 78M, EV 88.8 MPH)
Bottom of the 4th over - 0 runs, 0 hits, 0 errors, 2 left on base; Marquette 3 - Barton Springs 3
TOP OF THE 5TH
Marquette Miners batting - Pitching for Barton Springs Blues : LHP Laurens Bancroft
Batting: LHB Bob Blough 0-0: Foul Ball, location: 2F
0-1: Called Strike
0-2: Strikes out looking
Batting: RHB Jesús Méndez 0-0: Ground out 6-3 (Groundball, 6, EV 91.9 MPH)
Batting: LHB Steve Chittick 0-0: Ball
1-0: Ball
2-0: Ball
3-0: Base on Balls
Batting: RHB Kiril Neuvel 0-0: Ball
1-0: Foul Ball, location: 2F
1-1: Ball
2-1: Called Strike
2-2: Fly out, F8 (Flyball, 8LS, EV 94.4 MPH)
Top of the 5th over - 0 runs, 0 hits, 0 errors, 1 left on base; Marquette 3 - Barton Springs 3
BOTTOM OF THE 5TH
Barton Springs Blues batting - Pitching for Marquette Miners : RHP Greg Borges
Batting: LHB Jon Kelly 0-0: Ball
1-0: Swinging Strike
1-1: Swinging Strike
1-2: Foul Ball, location: 2F
1-2: Foul Ball, location: 2F
1-2: Ball
2-2: Strikes out swinging
Batting: LHB Jonathan Winston 0-0: Called Strike
0-1: Called Strike
0-2: Foul Ball, location: 2F
0-2: Foul Ball, location: 2F
0-2: Ball
1-2: Ground out 4-3 (Groundball, 4, EV 87.5 MPH)
Batting: LHB Ben Chell 0-0: Ball
1-0: Fly out, F7 (Flyball, 78M, EV 89.4 MPH)
Bottom of the 5th over - 0 runs, 0 hits, 0 errors, 0 left on base; Marquette 3 - Barton Springs 3
TOP OF THE 6TH
Marquette Miners batting - Pitching for Barton Springs Blues : LHP Laurens Bancroft
Batting: LHB Wyatt Quick 0-0: Foul Ball, location: 2F
0-1: Ball
1-1: Ball
2-1: Called Strike
2-2: Ball
3-2: Hit by Pitch
Pitching: RHP Alastair England
Batting: RHB Kent Potter 0-0: Sac Bunt to 2R - play at first, batter OUT! 2-4
Wyatt Quick to second
Batting: RHB Tom Hendrickson 0-0: Foul Ball, location: 2F
0-1: Swinging Strike
0-2: Ball
1-2: Ball
2-2: Ball
3-2: Base on Balls
Batting: SHB Carl Saunders 0-0: Called Strike
0-1: Ball
1-1: Foul Ball, location: 2F
1-2: Ball
2-2: Ball
3-2: Fly out, F8 (Flyball, 89S, EV 90.6 MPH)
Batting: LHB Leslie Small 0-0: Foul Ball, location: 2F
0-1: Foul Ball, location: 2F
0-2: Foul Ball, location: 2F
0-2: Foul Ball, location: 2F
0-2: Ball
1-2: Ball
2-2: Ball
3-2: 3-RUN HOME RUN (Flyball, 89XD, EV 95.0 MPH), Distance : 393 ft
Batting: LHB Bob Blough 0-0: Ball
1-0: Foul Ball, location: 2F
1-1: Ground out 4-3 (Groundball, 4, EV 82.5 MPH)
Top of the 6th over - 3 runs, 1 hit, 0 errors, 0 left on base; Marquette 6 - Barton Springs 3
BOTTOM OF THE 6TH
Barton Springs Blues batting - Pitching for Marquette Miners : RHP Greg Borges
Batting: RHB Rutland Stones 0-0: Ball
1-0: Fly out, F8 (Flyball, 78D, EV 91.9 MPH)
Batting: RHB Rick Pawlowicz 0-0: Ball
1-0: Swinging Strike
1-1: Foul Ball, location: 2F
1-2: Ball
2-2: Foul Ball, location: 2F
2-2: Ball
3-2: Fly out, F6 (Popup, 6, EV 80.0 MPH)
Batting: RHB Felipe Gonzáles 0-0: Ball
1-0: Called Strike
1-1: Ball
2-1: Foul Ball, location: 2F
2-2: Ball
3-2: Strikes out looking
Bottom of the 6th over - 0 runs, 0 hits, 0 errors, 0 left on base; Marquette 6 - Barton Springs 3
TOP OF THE 7TH
Marquette Miners batting - Pitching for Barton Springs Blues : RHP Alastair England
Batting: RHB Jesús Méndez 0-0: Ground out 6-3 (Groundball, 6, EV 83.8 MPH)
Batting: LHB Steve Chittick 0-0: Foul Ball, location: 2F
0-1: Foul Ball, location: 2F
0-2: Ball
1-2: Ball
2-2: Ball
3-2: Strikes out swinging
Batting: RHB Kiril Neuvel 0-0: Called Strike
0-1: Ball
1-1: Foul Ball, location: 2F
1-2: Ball
2-2: Ball
3-2: Base on Balls
Batting: LHB Wyatt Quick 0-0: Called Strike
0-1: Ball
1-1: Called Strike
1-2: Ground out U3 (Groundball, 3, EV 103.8 MPH)
Top of the 7th over - 0 runs, 0 hits, 0 errors, 1 left on base; Marquette 6 - Barton Springs 3
BOTTOM OF THE 7TH
Barton Springs Blues batting - Pitching for Marquette Miners : RHP Greg Borges
Pitching: LHP Tomás Alfonso
Batting: RHB Mike O'Neill 0-0: Ball
1-0: Ball
2-0: Ball
3-0: Swinging Strike
3-1: Base on Balls
Batting: RHB Donald Martin 0-0: Sac Bunt to P - play at first, batter OUT! 1-3
Mike O'Neill to second
Batting: RHB Shawn Mullins 0-0: Ball
1-0: Ball
2-0: Called Strike
2-1: Ball
3-1: Base on Balls
Batting: LHB Jon Kelly 0-0: Ball
1-0: Foul Ball, location: 2F
1-1: Foul Ball, location: 2F
1-2: Ball
2-2: Strikes out swinging
Batting: LHB Jonathan Winston 0-0: Called Strike
0-1: Swinging Strike
0-2: Strikes out looking
Bottom of the 7th over - 0 runs, 0 hits, 0 errors, 2 left on base; Marquette 6 - Barton Springs 3
TOP OF THE 8TH
Marquette Miners batting - Pitching for Barton Springs Blues : RHP Alastair England
Batting: RHB Kent Potter 0-0: Called Strike
0-1: Ground out 5-3 (Groundball, 56D, EV 90.0 MPH)
Batting: RHB Tom Hendrickson 0-0: Ball
1-0: Ball
2-0: Ball
3-0: Called Strike
3-1: Ground out 4-3 (Groundball, 4, EV 83.8 MPH)
Batting: SHB Carl Saunders 0-0: Ball
1-0: Ball
2-0: Called Strike
2-1: Called Strike
2-2: Foul Ball, location: 2F
2-2: Ground out 4-3 (Groundball, 4, EV 85.6 MPH)
Top of the 8th over - 0 runs, 0 hits, 0 errors, 0 left on base; Marquette 6 - Barton Springs 3
BOTTOM OF THE 8TH
Barton Springs Blues batting - Pitching for Marquette Miners : LHP Tomás Alfonso
Batting: LHB Ben Chell 0-0: Ball
1-0: Ball
2-0: Ball
3-0: Base on Balls
Batting: RHB Rutland Stones 0-0: Foul Ball, location: 2F
0-1: Ball
1-1: Ball
2-1: Ball
3-1: Foul Ball, location: 2F
3-2: Foul Ball, location: 2F
3-2: Foul Ball, location: 2F
3-2: Foul Ball, location: 2F
3-2: Foul Ball, location: 2F
3-2: Grounds into double play, 6-4-3 (Groundball, 6, EV 87.5 MPH)
Batting: RHB Rick Pawlowicz 0-0: Called Strike
0-1: Ground out 5-3 (Groundball, 5S, EV 87.5 MPH)
Bottom of the 8th over - 0 runs, 0 hits, 0 errors, 0 left on base; Marquette 6 - Barton Springs 3
TOP OF THE 9TH
Marquette Miners batting - Pitching for Barton Springs Blues : RHP Alastair England
Batting: LHB Leslie Small 0-0: Foul Ball, location: 2F
0-1: Foul Ball, location: 2F
0-2: Foul Ball, location: 2F
0-2: Ball
1-2: Foul Ball, location: 2F
1-2: Ball
2-2: Foul Ball, location: 2F
2-2: Foul Ball, location: 2F
2-2: Ball
3-2: Base on Balls
Pitching: RHP Rafael Santiago
Batting: LHB Bob Blough 0-0: Bunt missed!
0-1: Sac Bunt to 15S - play at first, batter OUT! 1-4
Leslie Small to second
Batting: RHB Jesús Méndez 0-0: SINGLE (Line Drive, 6MD, EV 110.0 MPH)
Leslie Small to third
Batting: LHB Steve Chittick 0-0: Called Strike
0-1: Ball
1-1: Ball
2-1: Foul Ball, location: 2F
2-2: Foul Ball, location: 2F
2-2: Strikes out swinging
Batting: RHB Kiril Neuvel 0-0: SINGLE (Line Drive, 4MD, EV 96.2 MPH)
Leslie Small scores
Jesús Méndez to second
Batting: LHB Wyatt Quick 0-0: Ball
1-0: Ball
2-0: Swinging Strike
2-1: Ball
3-1: Base on Balls
Jesús Méndez to third
Kiril Neuvel to second
Batting: RHB Kent Potter 0-0: Ball
1-0: Ball
2-0: Ball
3-0: Called Strike
3-1: Ground out 1-3 (Groundball, P, EV 70.6 MPH)
Top of the 9th over - 1 run, 2 hits, 0 errors, 3 left on base; Marquette 7 - Barton Springs 3
BOTTOM OF THE 9TH
Barton Springs Blues batting - Pitching for Marquette Miners : LHP Tomás Alfonso
Pitching: RHP Johnny Eliot
Batting: RHB Felipe Gonzáles 0-0: Called Strike
0-1: Fly out, F9 (Flyball, 9LM, EV 92.5 MPH)
Batting: RHB Mike O'Neill 0-0: Ball
1-0: Ball
2-0: SINGLE (Flyball, 78M, EV 87.5 MPH)
Batting: RHB Donald Martin 0-0: Ball
1-0: Ball
2-0: Fly out, F8 (Flyball, 89S, EV 86.2 MPH)
Batting: RHB Shawn Mullins 0-0: Swinging Strike
0-1: Ball
1-1: Ball
2-1: Swinging Strike
2-2: Ball
3-2: Strikes out swinging
Bottom of the 9th over - 0 runs, 1 hit, 0 errors, 1 left on base; Marquette 7 - Barton Springs 3
Tuesday, January 5th, 2021 - OOTP Baseball 20.8 Build 74